cohdb
Replays
Latest Replays
All Replays
Popular Replays
Top Player Replays
Match Explorer
How It Works
Community
CoH3 Stats
Reddit
Sign in to upload your games and track your stats! →
Sign in with Steam
Match 37629555
Unlisted
Match 37629555
Overview
Messages
Build Orders
End
Construct Section Command Post
Selects Australian Defense Battlegroup
Selects Australian Light Infantry Section
Australian Light Infantry Section
Dingo Light Scout Car
Dingo Light Scout Car
Infantry Section
Infantry Section
Grenade Package
Construct Platoon Command Post
Infantry Training
ML 3-inch Mortar Team
Australian Light Infantry Section
Royal Engineer Section
SneaKerz
gb_gbg
Hubcap
Bradare
0
0
Comments
sign in to comment!
No comments posted yet!